 Dungeon Crawl Stone Soup version 0.29.1-14-g9c671dbff4 (webtiles) character file.

Game seed: 17579923227225146914

37 leafyfresh the Magician (level 3, -1/25 HPs)
             Began as a Djinni Ice Elementalist on Feb 18, 2023.
             Killed from afar by a dart slug (4 damage)
             ... with a slug dart
             ... on level 2 of the Dungeon.
             The game lasted 00:00:54 (966 turns).

leafyfresh the Magician (Djinni Ice Elementalist)    Turns: 966, Time: 00:00:55

Health: -1/25      AC:  2    Str:  7    XL:     3   Next: 60%
Gold:   34         EV: 12    Int: 18    God:
                   SH:  0    Dex: 13

rFire   + + .      SeeInvis .   c - +0 sling
rCold   x . .      Faith    .   (no shield)
rNeg    . . .      Spirit   .   a - +0 robe
rPois   ∞          Reflect  .   (no helmet)
rElec   .          Harm     .   (no cloak)
rCorr   .          Rampage  .   (no gloves)
Will    .....                   (boots unavailable)
Stlth   ++........              (no amulet)
HPRegen 0.08/turn               (no ring)
MPRegen 0.00/turn               (no ring)

@: freezing walls, flying
A: sickness immunity, fire resistance 2, cold vulnerability 1, float, innate
caster, HP casting, extra vitality 1
a: no special abilities


You were on level 2 of the Dungeon.
You visited 1 branch of the dungeon, and saw 2 of its levels.

You collected 34 gold pieces.

Inventory:

Hand Weapons
 c - a +0 sling (weapon)
Armour
 a - a +0 robe (worn)
Scrolls
 d - a scroll of brand weapon {unknown}
 e - a scroll of fear {unknown}
 f - 2 scrolls of blinking {unknown}
 g - a scroll of silence {unknown}
Potions
 b - 2 potions of curing {unknown}
 h - a potion of lignification {unknown}
 i - a potion of magic {unknown}


   Skills:
 + Level 3.0 Dodging
 + Level 2.2 Stealth
 + Level 3.5 Spellcasting


You couldn't memorise any spells.
You knew the following spells:

 Your Spells              Type           Power      Damage    Failure   Level
a - Freeze                Ice            64%        1d8       3%          1
b - Frozen Ramparts       Ice            32%        1d5       11%         3
c - Ozocubu's Armour      Ice            16%        N/A       11%         3
d - Hailstorm             Conj/Ice       16%        3d6       34%         4
e - Sandblast             Erth           32%        2d9       3%          1
Your spell library was empty.

Dungeon Overview and Level Annotations

Branches:
Dungeon (2/15)

Altars:


Innate Abilities, Weirdness & Mutations

You are immune to sickness and miasma.
You are immune to poison.
Your flesh is very heat resistant. (rF++)
You are vulnerable to cold. (rC-)
You float through the air rather than walking.
You learn spells naturally, not from books.
Your magical power is your life essence.
You have superior vitality. (+4 MHP)


Message History

A dart slug comes into view.
You shoot a sling bullet. The sling bullet hits the worm.
The worm is heavily wounded.
The worm bites you but does no damage.
You shoot a sling bullet. The sling bullet hits the worm.
The worm is heavily wounded.
The worm bites you.
You shoot a sling bullet.
The sling bullet barely misses the worm.
The sling bullet hits the dart slug.
The dart slug is lightly wounded.
Casting: Frozen Ramparts (quite dangerous; 11% risk of failure)
Confirm with . or Enter, or press ? or * to list all spells.
The spell is quite dangerous to miscast (11% risk of failure)!
Continue anyway?
Casting: Frozen Ramparts (quite dangerous; 11% risk of failure)
Press: ? - help, Dir - look around, f - activate The walls around you are covered in ice.
The wall freezes the worm.
The worm bites you.
The wall freezes the dart slug.
Unknown command.
Casting: Frozen Ramparts (quite dangerous; 11% risk of failure)
Confirm with . or Enter, or press ? or * to list all spells.
Aiming: Freeze (safe; 3% risk of failure)
Press: ? - help, Shift-Dir - straight line, f - worm
Aim: a worm (heavily wounded)
You freeze the worm.
The worm is heavily wounded.
The wall freezes the worm.
The worm bites you!
* * * LOW HITPOINT WARNING * * *
Casting: Freeze (safe; 3% risk of failure)
Confirm with . or Enter, or press ? or * to list all spells.
Aiming: Freeze (safe; 3% risk of failure)
Press: ? - help, Shift-Dir - straight line, f/p - worm
Aim: a worm (almost dead)
You freeze the worm.
You kill the worm!
* * * LOW HITPOINT WARNING * * *
The wall freezes the dart slug.
The dart slug launches a dart at you. The slug dart hits you.
You die...

##### ....##
#...[.# ......#
##......#
#########.....)#
#......@.w#....#
#.#######...#..#
...[...#
##.##... .# .#
.# # .. #


You could see a dart slug.

Vanquished Creatures
  A worm (D:2)
  4 endoplasms (D:1)
  A giant cockroach (D:1)
  A hobgoblin (D:1)
  11 jackals (D:1)
  A kobold (D:1)
  2 quokkas (D:1)
  3 ball pythons
  6 bats (D:1)
  A frilled lizard (D:1)
  A rat (D:1)
32 creatures vanquished.

Notes
Turn   | Place    | Note
-------+----------+-------------------------------------------
     0 | D:1      | leafyfresh the Djinni Ice Elementalist began the quest for
                  | the Orb.
     0 | D:1      | leafyfresh set off with the following spells memorised:
                  | Freeze, Frozen Ramparts, Ozocubu's Armour, Hailstorm.
     0 | D:1      | Reached XP level 1. HP: 15/15 MP: 0/0
   133 | D:1      | Reached XP level 2. HP: 21/21 MP: 0/0
   187 | D:1      | Found a faded altar of an unknown god.
   222 | D:1      | Reached XP level 3. HP: 17/25 MP: 0/0
   222 | D:1      | Learned a level 1 spell: Sandblast
   966 | D:2      | Killed from afar by a dart slug

Illustrated notes

Levels and vault maps discovered:
D:1:      dpeg_arrival_short_road, layout_loops_ring,
          shapermc_ecumenical_altar_acropolis
D:2:      layout_loops_ring, minmay_fountain_box

Skill      XL: |  1  2  3 |
---------------+----------+-----
Stealth        | 2 |  2.2
Dodging        | 3 |  3.0
Spellcasting   | |  3.5

Action                   || total
-------------------------++-------
Melee: Unarmed           ||     1
 Fire: Sling             ||    90
 Cast: Freeze            ||     9
       Frozen Ramparts   ||     2
Armor: Robe              ||    19
Dodge: Dodged            ||    35
